 Dungeon Crawl Stone Soup version 0.30-a0-364-gf6b3ef1049 (webtiles) character file.

Game seed: 4511152961793247143

11568 SmokeWeed the Eclecticist (level 11, -30/52 HPs)
             Began as a Spriggan Earth Elementalist on Nov 14, 2022.
             Was a Believer of Dithmenos.
             Killed from afar by a deep elf annihilator (49 damage)
             ... with an iron shot
             ... on level 11 of the Dungeon on Nov 15, 2022.
             The game lasted 01:49:40 (12551 turns).

SmokeWeed the Eclecticist (SpEE)                   Turns: 12551, Time: 01:49:41

Health: -30/52     AC:  6    Str: 12    XL:     11   Next: 51%
Magic:  6/32       EV: 24    Int: 19    God:    Dithmenos [**....]
Gold:   539        SH:  5    Dex: 16    Spells: 12/42 levels left

rFire   . . .      SeeInvis +    h - +3 dagger (speed)
rCold   . . .      Faith    .    (no shield)
rNeg    + . .      Spirit   .    O - +2 robe of Ankuehi {rN+}
rPois   .          Reflect  +    w - +2 hat
rElec   .          Harm     .    (no cloak)
rCorr   .          Rampage  .    (gloves unavailable)
Will    +....                    (boots unavailable)
Stlth   +++++.....               j - amulet of reflection
HPRegen 0.28/turn                p - +4 ring of evasion
MPRegen 0.23/turn                N - +6 ring of strength

@: wreathed by umbra, very quick
A: very small, no large weapons, unfitting armour, see invisible, speed 3
a: Renounce Religion, Shadow Step


You were on level 11 of the Dungeon.
You worshipped Dithmenos.
Dithmenos was pleased with you.
You visited 2 branches of the dungeon, and saw 12 of its levels.

You collected 539 gold pieces.

Inventory:

Hand Weapons
 f - a +0 vorpal short sword
 h - a +3 dagger of speed (weapon)
 s - a +1 whip of draining
 v - a +2 falchion
 z - a +1 whip of freezing
 A - a +0 rapier
 E - a +2 dagger of distortion
 F - a +2 shortbow of flaming
Missiles
 e - 43 stones
 g - 31 poisoned darts
 q - 5 curare-tipped darts
Armour
 i - a +0 animal skin
 n - a +0 robe
 o - +0 steam dragon scales
 w - a +2 hat (worn)
 J - a +1 robe of resistance
 O - the +2 robe of Ankuehi (worn) {rN+}
   (You found it on level 10 of the Dungeon)

   rN:        It protects you from negative energy.
Jewellery
 j - an amulet of reflection (around neck)
 p - a +4 ring of evasion (left hand)
 r - a ring of poison resistance
 H - a +4 ring of evasion
 N - a +6 ring of strength (right hand)
Wands
 k - a wand of flame (24)
 u - a wand of digging (5)
 y - a wand of acid (5)
Scrolls
 m - a scroll of blinking
 C - a scroll of brand weapon
 G - a scroll of teleportation
 M - a scroll of identify
 P - a scroll of summoning {unknown}
Potions
 a - a potion of resistance
 b - a potion of magic
 c - 4 potions of might
 d - a potion of brilliance
 l - 5 potions of curing
 t - a potion of ambrosia
 x - 3 potions of flight
 B - 3 potions of haste
 D - 3 potions of lignification
 I - a potion of degeneration {unknown}
 K - a potion of mutation {unknown}
 L - a potion of heal wounds {unknown}


   Skills:
 * Level 3.1 Fighting
 + Level 1.5(1.9) Short Blades
 + Level 1.1(1.4) Long Blades
 + Level 0.8 Throwing
 * Level 6.1 Dodging
 * Level 7.6 Stealth
 + Level 16.0 Spellcasting
 + Level 3.5 Conjurations
 * Level 5.2 Hexes
 + Level 0.3 Summonings
 + Level 3.1 Translocations
 * Level 5.8 Transmutations
 * Level 3.2 Air Magic
 + Level 5.4 Earth Magic
 * Level 4.0 Poison Magic
 * Level 1.8 Evocations


You had 12 spell levels left.
You knew the following spells:

 Your Spells              Type           Power      Damage    Failure   Level
a - Sandblast             Erth           70%        2d15      1%          1
b - Passwall              Tmut/Erth      30%        N/A       1%          2
c - Stone Arrow           Conj/Erth      64%        3d11      1%          3
d - Petrify               Tmut/Erth      36%        N/A       4%          4
e - Slow                  Hex            100%       N/A       1%          1
f - Blink                 Tloc           54%        N/A       1%          2
g - Momentum Strike       Conj/Tloc      54%        3d9       1%          2
h - Confusing Touch       Hex            35%        N/A       1%          3
i - Call Canine Familiar  Summ           16%        N/A       11%         3
j - Mephitic Cloud        Conj/Pois/Air  28%        N/A       2%          3
k - Tukima's Dance        Hex            35%        N/A       1%          3
l - Ignite Poison         Fire/Tmut/Pois 27%        N/A       3%          3

Your spell library contained the following spells:

 Spells                   Type           Power      Damage    Failure   Level
 Apportation              Tloc           54%        N/A       1%          1
 Beastly Appendage        Tmut           74%        N/A       1%          1
 Ensorcelled Hibernation  Hex/Ice        50%        N/A       1%          2
 Poisonous Vapours        Pois/Air       56%        N/A       1%          2
 Static Discharge         Conj/Air       56%        2-5/arc   1%          2
 Wereblood                Tmut           37%        N/A       1%          2
 Spider Form              Tmut/Pois      33%        N/A       1%          3
 Cigotuvi's Dreadful Rot  Necr/Pois/Air  48%        N/A       2%          2
 Portal Projectile        Hex/Tloc       62%        N/A       2%          3
 Summon Small Mammal      Summ           64%        N/A       3%          1
 Lesser Beckoning         Tloc           54%        N/A       3%          3
 Summon Guardian Golem    Hex/Summ       25%        N/A       3%          3
 Necrotise                Necr           60%        1d7       4%          1
 Kindle Blastsparks       Fire/Tloc/Air  46%        2d13      4%          3
 Leda's Liquefaction      Hex/Erth       17%        N/A       4%          4
 Blade Hands              Tmut           18%        N/A       10%         5
 Frozen Ramparts          Ice            30%        1d5       12%         3
 Vampiric Draining        Necr           15%        2d7       12%         3
 Alistair's Intoxication  Tmut/Pois      22%        N/A       14%         5
 Borgnjor's Vile Clutch   Necr/Erth      12%        N/A       36%         5
 Freezing Cloud           Conj/Ice/Air   11%        6-21      41%         5
 Eringya's Noxious Bog    Tmut/Pois      16%        N/A       63%         6
 Iron Shot                Conj/Erth      16%        9d4       67%         6
 Spellforged Servitor     Conj/Summ      11%        N/A       100%        7


Dungeon Overview and Level Annotations

Branches:
Dungeon (11/15)            Temple (1/1) D:7            Lair (0/5) D:8
    Orc (0/2) D:9

Altars:
Ashenzari
Cheibriados
Dithmenos
Elyvilon
Fedhas
Gozag
Hepliaklqana
Kikubaaqudgha
Makhleb
Nemelex Xobeh
Okawaru
Qazlal
Ru
Sif Muna
Trog
Uskayaw
Vehumet
Wu Jian
Xom
Yredelemnul
Zin
The Shining One

Shops:
D:9 =

Annotations:
D:9 3 runed translucent doors, p00ps00p's ghost, novice HOFi


Innate Abilities, Weirdness & Mutations

You are very small and have problems with some larger weapons.
You are too small for most types of armour.
You have supernaturally acute eyesight. (SInv)
You cover ground extremely quickly. (Speed+++)


Message History

The deep elf annihilator is heavily wounded.
You block the deep elf annihilator's attack.
Aiming: Stone Arrow (safe; 1% risk of failure)
Press: ? - help, Q - select action, (/) - cycle Shift-Dir - straight line, f/p - deep elf annihilator
Aim: a deep elf annihilator, wielding a +0 long sword and wearing a +0 chain mail (heavily wounded, umbra, 71% to hit)
The stone arrow misses the deep elf annihilator.
The deep elf annihilator closely misses you.
Aiming: Stone Arrow (safe; 1% risk of failure)
Press: ? - help, Q - select action, (/) - cycle Shift-Dir - straight line, f/p - deep elf annihilator
Aim: a deep elf annihilator, wielding a +0 long sword and wearing a +0 chain mail (moderately wounded, umbra, 71% to hit)
The stone arrow misses the deep elf annihilator.
The deep elf annihilator mumbles some strange words.
The deep elf annihilator blinks!
Aiming: Stone Arrow (safe; 1% risk of failure)
Press: ? - help, Q - select action, (/) - cycle Shift-Dir - straight line, f/p - deep elf annihilator
Aim: a deep elf annihilator, wielding a +0 long sword and wearing a +0 chain mail (moderately wounded, umbra, 71% to hit)
The stone arrow hits the deep elf annihilator!
The deep elf annihilator is heavily wounded.
The deep elf annihilator casts a spell.
The deep elf annihilator blinks!
You start resting.
You are no longer robbed of momentum.
Your magical contamination has completely faded away.
Aiming: Stone Arrow (safe; 1% risk of failure)
Press: ? - help, Q - select action, (/) - cycle Shift-Dir - straight line, f/p - deep elf annihilator
Aim: a deep elf annihilator, wielding a +0 long sword and wearing a +0 chain mail (heavily wounded, 71% to hit)
The stone arrow hits the deep elf annihilator!
The deep elf annihilator is severely wounded.
The deep elf annihilator gestures wildly while chanting.
The deep elf annihilator blinks!
The deep elf annihilator casts a spell at you.
The poison arrow hits you!!!
You are poisoned.
Ouch! That really hurt!
* * * LOW HITPOINT WARNING * * *
You feel better.
The deep elf annihilator gestures at you while chanting.
The iron shot hits you!!!
Ouch! That really hurt!
You die...

###################### ##.
................@....###.....
#############.ยง..............
#.)..e.######.###.####
#.#...## #.# ###.#>#.# #.#
######.......##### #.#
#<..e............. ..#
######.......##### ###
..................


You could see a deep elf annihilator.

Vanquished Creatures
  Snorg (D:10)
  4 two-headed ogres
  A manticore (D:11)
  2 trolls
  A hornet (D:10)
  A wyvern (D:9)
  16 yaks
  Grum (D:8)
  A steam dragon (D:9)
  4 wargs
  2 orc warriors
  2 sky beasts (D:8)
  An ice beast (D:6)
  An ogre (D:7)
  3 wolves (D:8)
  3 centaurs
  3 kobold brigands (D:9)
  4 bullfrogs
  2 necrophages
  Blork the orc (D:4)
  2 scorpions (D:5)
  5 wights
  24 killer bees
  2 howler monkeys
  An electric eel (D:8)
  7 hounds
  2 orc priests
  5 iguanas
  10 orc wizards
  4 gnolls (D:7)
  7 adders
  A shadow imp (D:4)
  A white imp (D:5)
  2 ufetubi
  3 dart slugs
  33 orcs
  7 bats
  12 endoplasms
  2 giant cockroaches (D:1)
  11 goblins
  5 hobgoblins
  A quokka (D:4)
  2 ball pythons (D:1)
  2 frilled lizards (D:1)
  13 kobolds
  8 rats
226 creatures vanquished.

Vanquished Creatures (others)
  A troll (D:9)
  A slime creature (D:9)
2 creatures vanquished.

Grand Total: 228 creatures vanquished

Notes
Turn   | Place    | Note
-------+----------+-------------------------------------------
     0 | D:1      | SmokeWeed the Spriggan Earth Elementalist began the quest
                  | for the Orb.
     0 | D:1      | Reached XP level 1. HP: 9/9 MP: 5/5
   201 | D:1      | Reached XP level 2. HP: 13/13 MP: 0/6
   306 | D:1      | Reached skill level 3 in Spellcasting
   381 | D:1      | Got the Encyclopedia of Frosty Combat Magic
   385 | D:1      | Learned a level 2 spell: Passwall
   984 | D:1      | Reached XP level 3. HP: 16/16 MP: 6/8
  1298 | D:2      | Learned a level 3 spell: Stone Arrow
  1687 | D:3      | Reached XP level 4. HP: 16/21 MP: 6/10
  1758 | D:3      | Learned a level 4 spell: Petrify
  1974 | D:3      | Identified the +10 war axe of Ogittur {distort, Will+
                  | Str+4}
  2321 | D:4      | Noticed Blork the orc
  2326 | D:4      | Killed Blork the orc
  2327 | D:4      | Reached skill level 4 in Spellcasting
  2327 | D:4      | Reached XP level 5. HP: 24/24 MP: 6/12
  2585 | D:4      | Reached XP level 6. HP: 19/28 MP: 8/13
  2753 | D:4      | Found a sparkling altar of Nemelex Xobeh.
  2790 | D:4      | Reached skill level 1 in Short Blades
  2969 | D:4      | HP: 1/28 [orc priest/divine providence (15)]
  3363 | D:4      | Reached skill level 1 in Fighting
  3621 | D:4      | Reached skill level 15 in Spellcasting
  3621 | D:4      | Reached XP level 7. HP: 33/33 MP: 14/26
  3624 | D:5      | Entered Level 5 of the Dungeon
  3775 | D:5      | Found a stormy altar of Qazlal.
  3779 | D:5      | Learned a level 1 spell: Slow
  3785 | D:5      | Learned a level 2 spell: Blink
  3788 | D:5      | Learned a level 2 spell: Momentum Strike
  3792 | D:5      | Learned a level 3 spell: Confusing Touch
  3796 | D:5      | Learned a level 3 spell: Call Canine Familiar
  3842 | D:5      | Learned a level 3 spell: Mephitic Cloud
  4207 | D:5      | You fall into a shaft and drop 2 floors!
  4410 | D:5      | Reached XP level 8. HP: 27/37 MP: 24/28
  4650 | D:6      | Reached skill level 1 in Conjurations
  4661 | D:6      | Reached skill level 1 in Evocations
  4664 | D:6      | Reached skill level 1 in Translocations
  4788 | D:6      | Reached skill level 1 in Poison Magic
  4878 | D:6      | Found a radiant altar of Vehumet.
  5240 | D:6      | Reached skill level 1 in Hexes
  5618 | D:7      | Reached skill level 5 in Stealth
  5621 | D:7      | Reached XP level 9. HP: 24/41 MP: 11/29
  5654 | D:6      | HP: 2/41 [killer bee (6)]
  6164 | D:7      | Found a staircase to the Ecumenical Temple.
  6170 | Temple   | Entered the Ecumenical Temple
  6209 | Temple   | Became a worshipper of Dithmenos the Shadowed
  6553 | D:8      | Noticed a troll
  6566 | D:8      | Killed a troll
  6567 | D:8      | Reached skill level 1 in Air Magic
  6583 | D:8      | Reached skill level 1 in Long Blades
  6984 | D:8      | Found a staircase to the Lair.
  7281 | D:8      | Noticed a two-headed ogre
  7290 | D:8      | Killed a two-headed ogre
  7291 | D:8      | Reached XP level 10. HP: 46/46 MP: 17/30
  7376 | D:8      | Noticed Grum
  7390 | D:8      | Killed Grum
  7549 | D:8      | Reached * piety under Dithmenos
  8171 | D:8      | Noticed a two-headed ogre
  8183 | D:8      | Killed a two-headed ogre
  8184 | D:8      | Reached skill level 5 in Dodging
  8319 | D:8      | Reached skill level 5 in Earth Magic
  8901 | D:9      | Learned a level 3 spell: Tukima's Dance
  8905 | D:9      | Learned a level 3 spell: Ignite Poison
  8924 | D:9      | Found a runed translucent gate.
  8924 | D:9      | Found a runed translucent gate.
  9104 | D:9      | Found a runed translucent gate.
  9105 | D:9      | Noticed p00ps00p's ghost (novice HOFi)
  9393 | D:9      | Found a staircase to the Orcish Mines.
  9432 | D:8      | Reached skill level 5 in Transmutations
  9658 | D:9      | Reached XP level 11. HP: 51/51 MP: 16/31
  9993 | D:9      | Found Zuaquosu's Jewellery Shop.
 10020 | D:9      | Reached ** piety under Dithmenos
 10405 | D:10     | Entered Level 10 of the Dungeon
 10857 | D:10     | Noticed Snorg
 10909 | D:10     | Killed Snorg
 11387 | D:10     | Identified the +2 robe of Ankuehi {rN+}
 11390 | D:10     | Noticed a two-headed ogre
 11398 | D:10     | Killed a two-headed ogre
 11688 | D:11     | Reached skill level 5 in Hexes
 11840 | D:11     | Found the +2 cloak of the Thief {*Fog Slay-2 SInv Stlth+}
 11842 | D:11     | Noticed an orc sorcerer
 11862 | D:11     | Noticed a deep elf annihilator
 12347 | D:11     | Noticed a two-headed ogre
 12369 | D:11     | Killed a two-headed ogre
 12370 | D:11     | Reached skill level 16 in Spellcasting
 12551 | D:11     | Killed from afar by a deep elf annihilator

Illustrated notes

Levels and vault maps discovered:
D:1:      psy_arrival_whirlpool, layout_loops_cross, minmay_quantized
D:2:      layout_basic
D:3:      layout_rooms
D:4:      layout_basic, nemelex_altar_shiori, uniq_blork_the_orc
D:5:      layout_rooms, grunt_qazlal_clouds
D:6:      layout_rooms, vehumet_altar_wand_db
D:7:      layout_rooms, minmay_temple_entry_overgrown, kennysheep_small_spiral
D:8:      layout_gridville, erik_lair_island, minmay_misc_feat_encased,
          uniq_grum
D:9:      layout_roguey, minmay_orc_entry_guard_dogs, gammafunk_ghost_split,
          serial_shops, shop, hangedman_decor_lopped, minmay_tree_intersection,
          st_stairs_10
D:10:     layout_irregular_city, minmay_between, uniq_snorg
D:11:     cheibrodos_wizards_tower, layout_basic
Temple:   hellmonk_temple_of_storms

Skill      XL: |  1  2  3  4  5  6  7  8  9 10 11 |
---------------+----------------------------------+-----
Dodging        | 3 4 5 6 |  6.1
Spellcasting   | 3 4 15 16 | 16.0
Earth Magic    | 3 4 5 |  5.4
Stealth        | 4 5 6 7 |  7.6
Transmutations | 2 3 4 5 |  5.8
Short Blades   | 1 |  1.5
Fighting       | 1 2 3 |  3.1
Conjurations   | 1 2 3 |  3.5
Evocations     | 1 |  1.8
Translocations | 1 3 |  3.1
Poison Magic   | 1 2 3 4 |  4.0
Hexes          | 2 3 4 5 |  5.2
Air Magic      | 1 2 3 |  3.2
Long Blades    | 1 |  1.1
Throwing       | |  0.8
Summonings     | |  0.3

Action                   |  1- 3 |  4- 6 |  7- 9 | 10-12 || total
-------------------------+-------+-------+-------+-------++-------
Melee: Unarmed           |     1 |       |       |       ||     1
       Short sword       |    16 |     5 |     4 |       ||    25
       Dagger            |       |       |    10 |     2 ||    12
       Punch             |       |       |     1 |       ||     1
       Whip              |       |       |       |     9 ||     9
 Fire: Shortbow          |       |       |       |     2 ||     2
 Cast: Sandblast         |    55 |    66 |    68 |       ||   189
       Slow              |       |       |    11 |       ||    11
       Stone Arrow       |       |       |    89 |   186 ||   275
       Blink             |       |       |     2 |       ||     2
       Mephitic Cloud    |       |       |     7 |    10 ||    17
       Call Canine Famil |       |       |     1 |     2 ||     3
       Confusing Touch   |       |       |     1 |       ||     1
       Ignite Poison     |       |       |       |     4 ||     4
       Petrify           |       |       |       |     1 ||     1
       Momentum Strike   |       |       |       |     1 ||     1
Evoke: Wand              |       |       |    12 |     6 ||    18
  Use: Scroll            |     6 |     8 |     8 |     5 ||    27
       Potion            |       |     1 |     4 |     1 ||     6
 Stab: Sleeping          |     3 |     3 |     3 |     2 ||    11
       Distracted        |       |     1 |       |       ||     1
       Confused          |       |       |     2 |       ||     2
Armor: Robe              |     6 |     7 |     8 |     3 ||    24
       Animal skin       |       |       |       |     1 ||     1
       Steam dragon scal |       |       |       |     5 ||     5
Dodge: Dodged            |    22 |    34 |    62 |    77 ||   195
Block: Other             |       |       |       |     8 ||     8

Table legend: (Time is in decaauts)
 A = Elapsed time spent in this place.
 B = Non-inter-level travel time spent in this place.
 C = Inter-level travel time spent in this place.
 D = Time resting spent in this place.
 E = Time spent auto-exploring this place.
 F = Levels seen in this place.
 G = Mean time per level.
                   A        B        C        D        E       F      G
               +--------+--------+--------+--------+--------+-----+--------+
         Total |  10062 |   9844 |    218 |   1089 |   6653 |  12 |  838.5 |
       Dungeon |  10031 |   9813 |    218 |   1089 |   6644 |  11 |  911.9 |
        Temple |     30 |     30 |      0 |      0 |      9 |   1 |   30.0 |
               +--------+--------+--------+--------+--------+-----+--------+

Top non-repeatable levels by time:
     D:8: 1852 daAuts
     D:9: 1245 daAuts
    D:10: 1182 daAuts
     D:7: 1064 daAuts
     D:4: 1018 daAuts
     D:1: 831 daAuts
     D:6: 794 daAuts
     D:5: 634 daAuts
    D:11: 511 daAuts
     D:3: 473 daAuts
     D:2: 422 daAuts
  Temple: 30 daAuts
